 Dungeon Crawl Stone Soup version 0.22-a0-283-g1871b15 (webtiles) character file.

4 4thArraOfDagon the Grasshopper (level 1, 0/16 HPs)
             Began as a Formicid Warper on Mar 18, 2018.
             Slain by a leopard gecko (4 damage)
             ... on level 3 of the Dungeon.
             The game lasted 00:00:30 (80 turns).

4thArraOfDagon the Grasshopper (Formicid Warper)      Turns: 80, Time: 00:00:30

Health: 0/16       AC:  3    Str: 20    XL:     1   Next: 66%
Magic:  4/4        EV: 11    Int: 12    God:
Gold:   22         SH:  0    Dex: 10    Spells: 4/4 levels left

rFire    + . .     SeeInvis +   a - +0 falchion
rCold    . . .     Gourm    .   (no shield)
rNeg     . . .     Faith    .   b - +0 leather armour
rPois    .         Spirit   .   (helmet unavailable)
rElec    .         Reflect  .   (no cloak)
rCorr    .         Harm     .   (no gloves)
MR       .....                  (no boots)
Stlth    +.........             (no amulet)
HPRegen  0.05/turn              (no ring)
MPRegen  0.09/turn              (no ring)

@: mighty
A: permanent stasis, dig shafts and tunnels, four strong arms, antennae 3,
hooves 1, fire resistance 1, high mp 1, mutation resistance 1
a: Dig, Shaft Self


You were on level 3 of the Dungeon.
You were not hungry.

You visited 1 branch of the dungeon, and saw 3 of its levels.

You collected 22 gold pieces.

Inventory:

Hand Weapons
 a - a +0 falchion (weapon)
Missiles
 e - 5 tomahawks of dispersal (quivered)
Armour
 b - a +0 leather armour (worn)
 h - a +0 scale mail
Scrolls
 c - a scroll of remove curse {unknown}
 d - a scroll of blinking
Potions
 g - a potion of might
Comestibles
 f - a ration


   Skills:
 - Level 2.1 Fighting
 * Level 2.4 Long Blades
 - Level 1.0 Throwing
 - Level 1.1 Armour
 - Level 1.7 Dodging
 - Level 2.1 Spellcasting
   Level 2.6 Translocations


You had 4 spell levels left.
You didn't know any spells.

Dungeon Overview and Level Annotations

Branches:
Dungeon (3/15)

Altars:


Innate Abilities, Weirdness & Mutations

You cannot be hasted, slowed, berserked, paralysed or teleported.
You can dig through walls and to a lower floor.
Your four strong arms can wield two-handed weapons with a shield.
You have a pair of large antennae on your head. (SInv)
You have large cloven feet.
Your flesh is heat resistant. (rF+)
You have an increased reservoir of magic. (+10% MP)
You are somewhat resistant to further mutation.


Message History

Found two stone staircases leading up.
It was a potion of mutation.
You feel extremely strange.
You feel genetically stable.
Unknown command.
You barely miss the leopard gecko. The leopard gecko barely misses you.
You riposte.
You slash the leopard gecko!
You kill the leopard gecko!
You feel extremely strange.
You feel genetically unstable.
Your feet thicken and deform.
You feel resistant to heat.
You feel genetically stable.
You feel more energetic.
c - a scroll labeled MOCUOG IDAO You now have 22 gold pieces (gained 10).
A leopard gecko comes into view.
The leopard gecko hisses angrily.
You see here a scale mail.
h - a scale mail You barely miss the leopard gecko.
Your kick misses the leopard gecko. The leopard gecko bites you.
You die...

#.# # #.# #.#.##
.#..### # .....
#
#.#####..####..#
#.......l<......
#....@.#
#......#
#......#
#......#
#......##
#.......#
#.....#.# {
+..........
{##.....##.#.


You could see a leopard gecko.

Vanquished Creatures
  A leopard gecko (D:3)
  A quokka (D:2)
  A rat (D:2)
3 creatures vanquished.

Notes
Turn   | Place    | Note
-------+----------+-------------------------------------------
     0 | D:1      | 4thArraOfDagon the Formicid Warper began the quest for the Orb.
     0 | D:1      | Reached XP level 1. HP: 16/16 MP: 3/3
    66 | D:3      | Gained mutation: You are somewhat resistant to further mutation. [potion of mutation]
    69 | D:3      | Lost mutation: You are somewhat resistant to further mutation. [potion of mutation]
    69 | D:3      | Gained mutation: You have large cloven feet. [potion of mutation]
    69 | D:3      | Gained mutation: Your flesh is heat resistant. (rF+) [potion of mutation]
    69 | D:3      | Gained mutation: You are somewhat resistant to further mutation. [potion of mutation]
    69 | D:3      | Gained mutation: You have an increased reservoir of magic. (+10% MP) [potion of mutation]
    80 | D:3      | Slain by a leopard gecko

Vault maps used:
D:1:      nzn_arrival_water_spiral, kennysheep_flooded_box, minivault_19,
          hangedman_abyss_or_decor_lesser_grid
D:2:      minivault_4
D:3:      nicolae_gozag_seed_capital, first_ration, uniq_jessica

Action                   || total
-------------------------++-------
Melee: Falchion          ||    16
 Abil: Dig               ||     1
  Use: Potion            ||     3
       Scroll            ||     1
Armor: Leather armour    ||     4
Dodge: Dodged            ||     9
       Rpst.: Falchion   ||     4

Table legend:
 A = Spawn XP
 B = Non-spawn XP
 C = Spawn XP percentage of total XP
 D = Spawn monster count
 E = Non-spawn monster count
 F = Spawn count percentage of total count
 G = Total turns spent on level
                    A         B        C        D         E        F      G
               +---------+---------+-------+---------+---------+-------+---------
         Total |       0 |       6 |   0.0 |       0 |       3 |   0.0 |    80
               +---------+---------+-------+---------+---------+-------+---------
           D:2 |       0 |       3 |   0.0 |       0 |       2 |   0.0 |    63
           D:3 |       0 |       3 |   0.0 |       0 |       1 |   0.0 |    15
               +---------+---------+-------+---------+---------+-------+---------
